 Dungeon Crawl Stone Soup version 0.31-a0-369-g8eba5f6939 (webtiles) character file.

Game seed: 10982243005899038448

116 LustLizard the Ruffian (level 5, -12/34 HPs)
             Began as an Octopode Shapeshifter on July 28, 2023.
             Mangled by Ijyb
             ... wielding a +1 dagger of electrocution
              (18 damage)
             ... on level 3 of the Dungeon.
             The game lasted 00:03:44 (2598 turns).

LustLizard the Ruffian (Octopode Shapeshifter)      Turns: 2598, Time: 00:03:45

Health: -12/34     AC:  1    Str: 14    XL:     5   Next: 1%
Magic:  5/5        EV: 13    Int: 13    God:
Gold:   101        SH:  0    Dex: 12    Spells: 4/4 levels left

rFire   . .          .
                       - Unarmed
rCold   . . .        (no shield)
rNeg    . . .        (helmet currently unavailable)
rPois   .            (no amulet)
rElec   .            (no ring)
rCorr   .            (no ring)
SInv    .            (no ring)
Will    .....        (no ring)
Stlth   +++          (no ring)
HPRegen 0.25/turn    (no ring)
MPRegen 0.09/turn    (no ring)
                     (no ring)

%: no passive effects
@: beast-form
A: beast (slay +2), almost no armour, amphibious, 8 rings, camouflage 1,
gelatinous body 1, (nimble swimmer 1), tentacles
a: Begin Untransformation


You were on level 3 of the Dungeon.
You were a hulking beast.
You visited 1 branch of the dungeon, and saw 3 of its levels.

You collected 101 gold pieces.

Inventory:

Missiles
 j - 3 atropa-tipped darts
Talismans
 b - a beast talisman
Scrolls
 d - a scroll of butterflies {unknown}
 e - a scroll of teleportation {unknown}
 h - a scroll of revelation {unknown}
 i - 2 scrolls of brand weapon
 m - a scroll of blinking {unknown}
 n - a scroll of identify {unknown}
Potions
 a - a potion of lignification
 c - a potion of curing {unknown}
 f - 2 potions of heal wounds {unknown}
 g - a potion of magic {unknown}
 l - a potion of might {unknown}


   Skills:
 + Level 2.2 Fighting
 - Level 2.0 Dodging
 + Level 2.5 Stealth
 * Level 4.1 Unarmed Combat
 + Level 3.4 Shapeshifting


You had 4 spell levels left.
You didn't know any spells.
Your spell library contained the following spells:

 Spells                   Type           Power      Damage    Failure   Level
 Volatile Blastmotes      Fire/Tloc      0%         2d10      67%         3
 Fulminant Prism          Conj/Hex       0%         3d5       97%         4
 Iskenderun's Mystic Bla  Conj/Tloc      0%         2d3       97%         4


Dungeon Overview and Level Annotations

Branches:
Dungeon (3/15)

Altars:
Yredelemnul

Annotations:
D:3 Ijyb


Innate Abilities, Weirdness & Mutations

You are a hulking beast.
Your limbs bulge with bestial killing power. (Slay +2)
You cannot wear most types of armour.
You are amphibious.
You can wear up to eight rings at the same time.
Your skin changes colour to match your surroundings (Stealth+).
Your rubbery body absorbs attacks. (AC +1, EV +1)
((You are camouflaged when in or above water. (Stealth+)))
You have tentacles for arms and can constrict up to eight enemies at once.


Message History

You feel sick.
You feel sick.
You feel sick.
You are no longer poisoned.
HP restored.
Things that are here:
a +2 dagger of venom; 5 stones You open the door.
There is an open door here.
Ijyb the Twisted Goblin comes into view.
She is wielding a +1 dagger of electrocution, wearing a +3 leather armour of cold resistance and carrying a wand of mindburst.
You closely miss Ijyb. Your grab misses Ijyb. Ijyb misses you.
You tentacle-slap Ijyb but do no damage.
Your grab misses Ijyb. You squeeze Ijyb.
Ijyb is lightly wounded.
Ijyb screams, "I dance on your bones!" Ijyb hits you but does no damage.
You tentacle-slap Ijyb but do no damage.
Your grab misses Ijyb. You squeeze Ijyb, but do no damage.
Ijyb is lightly wounded.
Ijyb barely misses you.
You tentacle-slap Ijyb but do no damage.
You grab Ijyb.
Ijyb is lightly wounded.
You constrict Ijyb, but do no damage.
Ijyb zaps a wand.
Your mind is blasted!
Ouch! That really hurt!
You tentacle-slap Ijyb. You squeeze Ijyb!
Ijyb is severely wounded.
You constrict Ijyb.
Ijyb hits you with a +1 dagger of electrocution.
You tentacle-slap Ijyb.
Ijyb is almost dead.
You constrict Ijyb, but do no damage.
Ijyb zaps a wand.
You barely resist.
You tentacle-slap Ijyb but do no damage.
Ijyb is almost dead.
You constrict Ijyb, but do no damage.
Ijyb hits you with a +1 dagger of electrocution!
* * * LOW HITPOINT WARNING * * *
You are electrocuted!!
Ouch! That really hurt!
You die...

#.# #.# #.# #########
#.# #.......# #.# .#
#.......# #.# .#
#.......# #g# .#
#.......# #h#
.###.......#####.######
...+.......'............
.###)......#####.#######
.................#
...############..#
......# #..# .#.##.#
#..# .#.##.# #..'


You could see Ijyb.

Vanquished Creatures
  An orc priest (D:2)
  4 adders (D:2)
  A worm (D:2)
  3 dart slugs
  3 orcs
  An endoplasm (D:1)
  A giant cockroach (D:1)
  7 hobgoblins
  A quokka (D:2)
  7 ball pythons
  3 bats
  A frilled lizard (D:2)
  5 goblins
  3 kobolds
  2 rats (D:2)
43 creatures vanquished.

Notes
Turn   | Place    | Note
-------+----------+-------------------------------------------
     0 | D:1      | LustLizard the Octopode Shapeshifter began the quest for
                  | the Orb.
     0 | D:1      | Reached XP level 1. HP: 13/13 MP: 1/1
   354 | D:1      | Reached XP level 2. HP: 18/18 MP: 2/2
   397 | D:1      | Reached skill level 1 in Stealth
   993 | D:2      | Reached XP level 3. HP: 13/23 MP: 3/3
  1321 | D:2      | Reached XP level 4. HP: 10/29 MP: 4/4
  1627 | D:2      | Reached skill level 4 in Unarmed Combat
  1807 | D:2      | Found a basalt altar of Yredelemnul.
  2459 | D:3      | Reached XP level 5. HP: 34/34 MP: 5/5
  2589 | D:3      | Noticed Ijyb
  2598 | D:3      | Mangled by Ijyb

Illustrated notes

Levels and vault maps discovered:
D:1:      minmay_arrival_four_houses, layout_loops_corners, serial_forest,
          infiniplex_forest_lined_ring, infiniplex_forest_lined_2,
          infiniplex_forest_straight_3, infiniplex_forest_clump_double,
          infiniplex_forest_clump_curved
D:2:      layout_basic, basic_altar, grunt_ministairs_13
D:3:      minmay_roachtagon, layout_basic, grunt_ministairs_12, uniq_ijyb,
          uniq_jessica

Skill      XL: |  1  2  3  4 |
---------------+-------------+-----
Stealth        | 1 2 |  2.5
Fighting       | 2 |  2.2
Unarmed Combat | 4 |  4.1
Dodging        | |  2.0
Shapeshifting  | |  3.4

Action                     |  1- 3 |  4- 6 || total
---------------------------+-------+-------++-------
  Melee: Unarmed           |    34 |    43 ||    77
         Constrict         |    12 |    14 ||    26
         Tentacles         |     7 |    13 ||    20
         Punch             |     2 |     1 ||     3
    Use: Scroll            |       |     2 ||     2
   Stab: Sleeping          |       |     5 ||     5
 Armour: Skin              |     5 |     3 ||     8
  Dodge: Dodged            |    10 |    13 ||    23

Table legend: (Time is in decaauts)
 A = Elapsed time spent in this place.
 B = Non-inter-level travel time spent in this place.
 C = Inter-level travel time spent in this place.
 D = Time resting spent in this place.
 E = Time spent auto-exploring this place.
 F = Levels seen in this place.
 G = Mean time per level.
                   A        B        C        D        E       F      G
               +--------+--------+--------+--------+--------+-----+--------+
         Total |   2594 |   2501 |     93 |    425 |   1633 |   3 |  864.7 |
       Dungeon |   2594 |   2501 |     93 |    425 |   1633 |   3 |  864.7 |
               +--------+--------+--------+--------+--------+-----+--------+

Top non-repeatable levels by time:
     D:2: 1307 daAuts
     D:1: 1092 daAuts
     D:3: 193 daAuts
